 Dungeon Crawl Stone Soup version 0.28-a0-2-g643f2454ad (webtiles) character file.

Game seed: 5924305517143735341

101738 hatdisgam the Deadly Accurate (level 16, -7/163 HPs)
             Began as an Ogre Gladiator on July 22, 2021.
             Was the Champion of Dithmenos.
             Mangled by a boulder beetle (54 damage)
             ... on level 13 of the Dungeon.
             The game lasted 01:04:55 (34706 turns).

hatdisgam the Deadly Accurate (Ogre Gladiator)     Turns: 34706, Time: 01:04:56

Health: -7/163     AC: 10    Str: 27    XL:     16   Next: 31%
Magic:  0/5        EV: 13    Int: 16    God:    Dithmenos [******]
Gold:   806        SH:  0    Dex: 10    Spells: 11/15 levels left

rFire   . . .      SeeInvis +   Y - +8 demon whip of Lust {antimagic, Int+4}
rCold   + . .      Faith    .   (no shield)
rNeg    . . .      Spirit   +   V - +0 troll leather armour
rPois   +          Reflect  .   g - +0 hat {SInv}
rElec   .          Harm     .   I - +0 cloak
rCorr   .          Rampage  .   (gloves unavailable)
Will    +....                   (boots unavailable)
Stlth   +.........              M - amulet of guardian spirit
HPRegen 1.37/turn               v - ring of poison resistance
MPRegen 0.09/turn               D - ring "Jummexzo" {Drain rC+ AC+4 Int+3}

@: wreathed by umbra
A: large, unfitting armour, tough skin 1
a: Renounce Religion, Shadow Step, Shadow Form


You were on level 13 of the Dungeon.
You worshipped Dithmenos.
Dithmenos was exalted by your worship.
You visited 4 branches of the dungeon, and saw 23 of its levels.
You visited 1 bazaar.

You collected 1956 gold pieces.
You spent 1150 gold pieces at shops.

Inventory:

Hand Weapons
 P - a +0 giant spiked club
 Y - the +8 demon whip of Lust (weapon) {antimagic, Int+4}
   (You found it on level 11 of the Dungeon)

   It reduces the magical energy of the wielder, and disrupts the spells and
   magical abilities of those it strikes.
   Natural abilities and divine invocations are not affected.
   Int:       It affects your intelligence (+4).
Missiles
 d - 6 throwing nets
 i - 20 boomerangs
 n - 101 poisoned darts
 o - 5 javelins
 p - 6 atropa-tipped darts
 r - 453 stones
 J - 7 silver javelins
 R - 8 curare-tipped darts
 U - 18 large rocks (quivered)
Armour
 g - a +0 hat of see invisible (worn)
 I - a +0 cloak (worn)
 S - +0 acid dragon scales
 V - a +0 troll leather armour (worn)
Jewellery
 a - a ring of protection from fire
 b - a ring of protection from cold
 v - a ring of poison resistance (left hand)
 y - a ring of protection from fire
 D - the ring "Jummexzo" (right hand) {Drain rC+ AC+4 Int+3}
   (You found it on level 6 of the Lair of Beasts)

   [ring of protection]

   AC:        It affects your AC (+4).
   Int:       It affects your intelligence (+3).
   rC:        It protects you from cold.
   Drain:     It drains your maximum health when unequipped.
 G - a ring of fire
 M - an amulet of guardian spirit (around neck)
 W - a +6 ring of dexterity
 Z - a ring of wizardry
Wands
 x - a wand of charming (16)
 E - a wand of iceblast (11)
 F - a wand of flame (3)
 H - a wand of mindburst (7)
 N - a wand of acid (21)
Scrolls
 f - 6 scrolls of teleportation
 h - 4 scrolls of amnesia
 j - 4 scrolls of immolation
 m - 5 scrolls of enchant weapon
 s - 2 scrolls of enchant armour
 u - 5 scrolls of magic mapping
 w - 4 scrolls of fog
 z - a scroll of summoning
 C - 2 scrolls of holy word
 L - 3 scrolls of vulnerability
Potions
 c - 2 potions of cancellation
 k - 4 potions of haste {unknown}
 l - 3 potions of flight {unknown}
 q - 5 potions of attraction
 t - 5 potions of might {unknown}
 A - 7 potions of curing
 B - 3 potions of brilliance {unknown}
 K - a potion of heal wounds
 O - 2 potions of mutation
 Q - 15 potions of ambrosia
 T - 2 potions of magic
Miscellaneous
 X - a tin of tremorstones (2/2)


   Skills:
 - Level 11.4 Fighting
 - Level 13.2 Maces & Flails
 * Level 17.2 Throwing
 - Level 13.6 Dodging
 + Level 3.2 Hexes
 + Level 3.2 Translocations
 - Level 7.0 Evocations


You had 11 spell levels left.
You knew the following spells:

 Your Spells              Type           Power      Damage    Failure   Level
a - Portal Projectile     Hex/Tloc       20%        N/A       22%         3
b - Apportation           Tloc           20%        N/A       8%          1

Your spell library contained the following spells:

 Spells                   Type           Power      Damage    Failure   Level
 Slow                     Hex            10%        N/A       11%         2
 Confusing Touch          Hex            10%        N/A       22%         3
 Gell's Gravitas          Tloc           5%         N/A       22%         3
 Teleport Other           Tloc           10%        N/A       22%         3
 Freeze                   Ice            0%         1d3       28%         1
 Corpse Rot               Necr/Air       N/A        N/A       38%         2
 Dazzling Flash           Conj/Hex       10%        N/A       41%         3
 Call Canine Familiar     Summ           0%         N/A       63%         3
 Conjure Flame            Conj/Fire      0%         6-21      63%         3
 Frozen Ramparts          Ice            0%         1d2       63%         3
 Ignite Poison            Fire/Tmut/Pois 0%         N/A       63%         3
 Vampiric Draining        Necr           0%         2d6       63%         3
 Iskenderun's Mystic Bla  Conj/Tloc      5%         2d3       82%         4
 Leda's Liquefaction      Hex/Erth       2%         N/A       82%         4
 Animate Dead             Necr           0%         N/A       95%         4
 Hailstorm                Conj/Ice       0%         3d3       95%         4
 Sticky Flame             Conj/Fire      0%         2d3       95%         4
 Alistair's Intoxication  Tmut/Pois      0%         N/A       100%        5
 Dispersal                Tloc           5%         N/A       100%        6
 Invisibility             Hex            5%         N/A       100%        6
 Starburst                Conj/Fire      0%         8x6d3     100%        6
 Necromutation            Tmut/Necr      0%         N/A       100%        8


Dungeon Overview and Level Annotations

Branches:
Dungeon (14/15)            Temple (1/1) D:4            Lair (6/6) D:11
  Swamp (0/4) Lair:3       Spider (0/4) Lair:3          Orc (2/2) D:10
    Elf (0/3) Orc:2        Vaults (0/5) D:13
  Slime: Lair:5-6

Altars:
Ashenzari
Cheibriados
Dithmenos
Elyvilon
Fedhas
Gozag
Hepliaklqana
Kikubaaqudgha
Makhleb
Nemelex Xobeh
Okawaru
Qazlal
Ru
Sif Muna
Trog
Uskayaw
Vehumet
Wu Jian
Xom
Yredelemnul
Zin
The Shining One
Beogh
Jiyva

Shops:
D:3 =   Orc:1 =   Orc:2 *=*(

Annotations:
D:9 1 runed translucent door, Spaninq's ghost, novice TrBe
D:10 3 runed translucent doors, duskshroud's ghost, journeyman TrHu
D:11 exclusion: orange crystal statue
D:13 1 runed translucent door
Lair:2 exclusions: 2 doors, 4 oklob plants and 1 more exclusion
Lair:5 exclusion: 2 oklob plants


Innate Abilities, Weirdness & Mutations

You are too large for most types of armour.
You have tough skin. (AC +1)


Message History

The arrow hits you. The centaur warrior hits you.
The centaur warrior kicks you.
There is a stone staircase leading up, spattered with blood here.
The centaur misses you. The centaur closely misses you.
The centaur warrior hits you but does no damage.
The centaur warrior kicks you but does no damage.
The boulder beetle hits you!!!
The boulder beetle stops rolling and uncurls.
The centaur closely misses you. The centaur misses you.
You climb upwards.
Level annotation: 1 runed translucent door
There is a stone staircase leading down here.
You completely miss the centaur warrior.
Your shadow hits the centaur warrior with a demon whip.
The centaur warrior completely misses you.
The centaur warrior kicks you but does no damage.
The boulder beetle bites you!!
You are too injured to fight recklessly!
You are too injured to fight recklessly!
Unknown command.
You are too injured to fight recklessly!
You are too injured to fight recklessly!
You are too injured to fight recklessly!
The centaur wields a +0 shortbow.
The centaur shoots an arrow.
The arrow barely misses you. The centaur warrior hits you.
The centaur warrior kicks you but does no damage.
The centaur warrior closely misses you.
The centaur warrior kicks you but does no damage.
The boulder beetle curls into a ball and begins rolling!
The centaur shoots an arrow.
The arrow hits you!
The centaur warrior wields a +0 longbow.
The centaur warrior shoots an arrow.
The arrow hits you!
The centaur shoots an arrow.
The arrow barely misses you.
The centaur warrior shoots an arrow.
The arrow barely misses you.
The centaur shoots an arrow.
The arrow hits you.
The centaur warrior shoots an arrow.
The arrow hits you!
* * * LOW HITPOINT WARNING * * *
The centaur shoots an arrow.
The arrow hits you but does no damage. The boulder beetle hits you!!!
You die...

############### ################
##.............# #.....)........#
##............<# #..............#
##.............# #..............#
##.............# #..............#
##.............###..............#
##.............#.B○°............#
##...[.........#@#..°...........#
##....>........#.#..c..(........#
.#.............#.#..c.>...>.....#
.'.............'.##########.#####
##.............############.#
#########.##### #.....)...#
####......### ##'###########
#.[.........# #............#
#...........### #...(........#


You could see a boulder beetle (rolling).

Vanquished Creatures
  Azrael (Orc:2)
  Harold (D:10)
  4 boulder beetles
  9 hydras
  3 vault guards (D:13)
  A death knight (D:13)
  2 centaur warriors (D:13)
  2 two-headed ogres (D:11)
  A tengu warrior (D:13)
  Urug (Lair:2)
  14 death yaks
  2 orc high priests (Orc:2)
  A lindwurm (Lair:6)
  2 orc knights
  3 cyclopes
  2 ugly things (D:13)
  9 orc sorcerers
  2 manticores
  31 elephants
  5 black mambas
  25 cane toads
  A gargoyle (D:13)
  2 unseen horrors (D:11)
  A freezing wraith (D:14)
  5 kobold demonologists
  Psyche (D:12)
  10 rime drakes
  A queen bee (D:10)
  9 komodo dragons
  An ice devil (Lair:2)
  4 trolls
  4 polar bears (Lair:6)
  Prince Ribbit (D:7)
  29 blink frogs
  5 tyrant leeches
  4 slime creatures
  6 dream sheep (Lair:6)
  Sigmund (D:4)
  A vampire (D:12)
  2 redbacks (Lair:3)
  73 yaks
  2 wraiths (D:13)
  A fire elemental (Orc:1)
  8 humans (D:13)
  4 basilisks
  6 wyverns
  2 steam dragons
  Menkaure (D:7)
  3 wargs
  2 swamp worms (Lair:3)
  9 vampire mosquitoes
  4 acid dragons
  23 water moccasins
  4 hell hounds (Orc:1)
  4 ice beasts
  A sky beast (D:6)
  23 orc warriors
  2 black bears
  7 ogres
  38 wolves
  11 centaurs
  A phantom (D:5)
  4 kobold brigands
  Blork the orc (D:6)
  20 bullfrogs
  A scorpion (D:3)
  A wyvern skeleton (D:7)
  25 killer bees
  12 wights
  5 howler monkeys
  4 electric eels
  5 centaur zombies
  A bullfrog zombie (D:5)
  3 jellies
  20 orc priests
  A gnoll shaman (D:4)
  4 hounds (D:6)
  Crazy Yiuf (D:7)
  33 orc wizards
  3 iguanas (D:5)
  6 hell rats (Lair:4)
  A howler monkey skeleton (D:5)
  10 adders
  15 gnolls
  A shadow imp (D:7)
  A white imp (D:5)
  An ufetubus (D:6)
  5 worms
  58 orcs
  3 ball pythons
  6 bats
  3 endoplasms
  2 giant cockroaches
  4 goblins
  14 hobgoblins
  3 jackals (D:1)
  4 quokkas
  15 kobolds
  4 rats
738 creatures vanquished.

Vanquished Creatures (others)
  A human (D:13)
  A wight (D:10)
  An orc wizard (Orc:2)
  An orc (Orc:1)
  4 kobolds (D:12)
  67 fungi
  142 plants
217 creatures vanquished.

Grand Total: 955 creatures vanquished

Notes
Turn   | Place    | Note
-------+----------+-------------------------------------------
     0 | D:1      | hatdisgam the Ogre Gladiator began the quest for the Orb.
     0 | D:1      | Reached XP level 1. HP: 22/22 MP: 1/1
   487 | D:1      | Reached XP level 2. HP: 29/29 MP: 2/2
  1304 | D:2      | Reached XP level 3. HP: 22/37 MP: 3/3
  1629 | D:2      | Found a faded altar of an unknown god.
  2026 | D:2      | Reached XP level 4. HP: 46/46 MP: 4/4
  2766 | D:3      | Found Keygisk's Jewellery Shop.
  2794 | D:3      | Reached skill level 3 in Throwing
  2794 | D:3      | Reached XP level 5. HP: 30/54 MP: 5/5
  3401 | D:3      | Reached XP level 6. HP: 53/63 MP: 6/6
  4056 | D:4      | Found a staircase to the Ecumenical Temple.
  4115 | Temple   | Entered the Ecumenical Temple
  4416 | Temple   | Became a worshipper of Dithmenos the Shadowed
  4461 | D:4      | Reached skill level 5 in Maces & Flails
  4832 | D:4      | Noticed Sigmund
  4857 | D:4      | Killed Sigmund
  4858 | D:4      | Reached skill level 4 in Throwing
  4858 | D:4      | Reached XP level 7. HP: 24/71 MP: 7/7
  5577 | D:5      | Entered Level 5 of the Dungeon
  5840 | D:5      | Found a shimmering altar of Xom.
  5967 | D:5      | Reached XP level 8. HP: 79/79 MP: 8/8
  6022 | D:5      | Reached * piety under Dithmenos
  6838 | D:6      | Reached skill level 5 in Throwing
  6998 | D:6      | Reached skill level 5 in Fighting
  7559 | D:6      | Noticed a yak
  7559 | D:6      | Noticed a yak
  7559 | D:6      | Noticed a yak
  7559 | D:6      | Noticed a yak
  7559 | D:6      | Noticed a yak
  7559 | D:6      | Noticed a yak
  7560 | D:6      | Noticed Blork the orc
  7577 | D:6      | Killed a yak
  7621 | D:5      | Killed a yak
  7891 | D:5      | Killed a yak
  7892 | D:5      | Reached XP level 9. HP: 21/89 MP: 9/9
  8185 | D:5      | Reached skill level 6 in Throwing
  8908 | D:6      | Killed Blork the orc
  9931 | D:7      | Noticed Prince Ribbit
  9939 | D:7      | Killed Prince Ribbit
  9978 | D:7      | Found a runed translucent door.
  9979 | D:7      | Noticed Crazy Yiuf
 10205 | D:7      | Noticed Menkaure
 10211 | D:7      | Killed Menkaure
 10212 | D:7      | Reached skill level 7 in Throwing
 10653 | D:7      | Reached XP level 10. HP: 82/104 MP: 10/10
 11006 | D:7      | Killed Crazy Yiuf
 11609 | D:8      | Reached skill level 5 in Dodging
 11917 | D:9      | Reached skill level 10 in Maces & Flails
 11980 | D:9      | Reached skill level 8 in Throwing
 12746 | D:9      | Reached XP level 11. HP: 110/111 MP: 11/11
 13382 | D:9      | Noticed a +0 quarterstaff of chaos
 13383 | D:9      | Found a runed translucent door.
 13383 | D:9      | Found a shimmering altar of Xom.
 13383 | D:9      | Noticed Spaninq's ghost (novice TrBe)
 13417 | D:9      | Noticed a death knight
 13423 | D:10     | Entered Level 10 of the Dungeon
 13456 | D:10     | HP: 2/101 [troll (7)]
 14556 | D:9      | Reached ** piety under Dithmenos
 15836 | D:9      | Reached skill level 9 in Throwing
 16530 | D:10     | Found a staircase to the Orcish Mines.
 16844 | D:10     | Noticed Harold
 16852 | D:10     | Killed Harold
 17582 | D:10     | Found a runed translucent gate.
 17583 | D:10     | Found a runed translucent gate.
 17583 | D:10     | Found a runed translucent gate.
 17584 | D:10     | Noticed duskshroud's ghost (journeyman TrHu)
 17588 | D:10     | Found a viscous altar of Jiyva.
 17986 | D:11     | Noticed an orange crystal statue
 18000 | D:11     | Noticed a death knight
 18000 | D:11     | Noticed a skeletal warrior
 18000 | D:11     | Noticed a phantasmal warrior
 18400 | D:11     | Reached *** piety under Dithmenos
 18470 | D:11     | Reached XP level 12. HP: 120/120 MP: 12/12
 18497 | D:11     | Identified a scroll of acquirement
 18498 | D:11     | Acquired a manual of Dodging
 18707 | D:11     | Found a staircase to the Lair.
 18963 | D:11     | Noticed a two-headed ogre
 18971 | D:11     | Reached skill level 10 in Throwing
 18975 | D:11     | Killed a two-headed ogre
 19085 | D:11     | Noticed a two-headed ogre
 19092 | D:11     | Killed a two-headed ogre
 19356 | D:11     | Identified the +8 demon whip of Lust {antimagic, Int+4}
 19429 | Lair:1   | Entered Level 1 of the Lair of Beasts
 19701 | Lair:1   | Reached **** piety under Dithmenos
 19827 | Lair:1   | Reached skill level 1 in Evocations
 19978 | Lair:1   | Noticed a six-headed hydra
 19981 | Lair:1   | Killed a six-headed hydra
 19982 | Lair:1   | Reached skill level 11 in Throwing
 20078 | Lair:1   | Noticed a four-headed hydra
 20081 | Lair:1   | Killed a four-headed hydra
 20500 | Lair:2   | Reached XP level 13. HP: 125/131 MP: 2/13
 20571 | Lair:2   | Noticed Urug
 20576 | Lair:2   | Killed Urug
 20590 | Lair:2   | Acquired a +0 hat of see invisible
 20805 | Lair:2   | Reached skill level 10 in Dodging
 21018 | Lair:2   | Reached skill level 12 in Throwing
 22602 | Lair:3   | Reached ***** piety under Dithmenos
 22690 | Lair:3   | Found a staircase to the Swamp.
 22721 | Lair:3   | Found a hole to the Spider Nest.
 24157 | Lair:4   | Reached skill level 13 in Throwing
 24435 | Lair:4   | Reached skill level 5 in Evocations
 24465 | Lair:4   | Reached XP level 14. HP: 29/140 MP: 1/14
 26396 | Lair:5   | Reached skill level 14 in Throwing
 26984 | Lair:6   | Entered Level 6 of the Lair of Beasts
 27696 | Lair:6   | Reached ****** piety under Dithmenos
 28139 | Lair:6   | Reached skill level 15 in Throwing
 28139 | Lair:6   | Reached XP level 15. HP: 135/146 MP: 5/15
 28751 | Lair:6   | Got Zeckew's Guide on Dark Rituals and the Glacier
 28754 | Lair:6   | Identified the ring "Jummexzo" {Drain rC+ AC+4 Int+3}
 28998 | Lair:6   | Reached skill level 10 in Fighting
 29805 | Orc:1    | Entered Level 1 of the Orcish Mines
 29898 | Orc:2    | Entered Level 2 of the Orcish Mines
 29965 | Orc:2    | Found a staircase to the Elven Halls.
 30104 | Orc:2    | Reached skill level 16 in Throwing
 30554 | Orc:2    | Noticed Azrael
 30631 | Orc:2    | Killed Azrael
 30995 | Orc:1    | Found Aquocw's Jewellery Shoppe.
 31522 | Orc:2    | Paralysed by an orc sorcerer for 3 turns
 31698 | Orc:2    | Found Vyzor's Weapon Shoppe.
 31698 | Orc:2    | Found Detorch's Jewellery Emporium.
 31699 | Orc:2    | Found Juacreokh's Assorted Antiques.
 31711 | Orc:2    | Found Xevaoj's Assorted Antiques.
 31725 | Orc:2    | Bought a potion of heal wounds for 145 gold pieces
 31725 | Orc:2    | Bought a scroll of blinking for 217 gold pieces
 31725 | Orc:2    | Bought a scroll of teleportation for 87 gold pieces
 32408 | D:12     | Found a flickering gateway to a bazaar.
 32436 | Bazaar   | Entered a bazaar
 32446 | Bazaar   | Found Wycsaim's General Store.
 32446 | Bazaar   | Found Umelym's Weapon Shop.
 32454 | Bazaar   | Bought a scroll of teleportation for 33 gold pieces
 32505 | Bazaar   | Found Otricul's Assorted Antiques.
 32505 | Bazaar   | Found Anux's Book Boutique.
 32523 | Bazaar   | Bought a book of the Hunter for 338 gold pieces
 32527 | Bazaar   | Learned a level 3 spell: Portal Projectile
 32575 | Bazaar   | Bought a book of Party Tricks for 330 gold pieces
 32577 | Bazaar   | Learned a level 1 spell: Apportation
 32891 | D:12     | Reached skill level 1 in Hexes
 32894 | D:12     | Reached skill level 1 in Translocations
 33054 | D:12     | Noticed Psyche
 33076 | D:12     | Killed Psyche
 33223 | D:12     | Reached XP level 16. HP: 120/163 MP: 3/16
 33966 | D:13     | Reached skill level 17 in Throwing
 34215 | D:13     | Found a runed translucent door.
 34216 | D:13     | Noticed a storm dragon
 34328 | D:13     | Found a gate to the Vaults.
 34573 | D:14     | HP: 3/163 [death knight (30)]
 34706 | D:13     | Mangled by a boulder beetle

Illustrated notes

Levels and vault maps discovered:
D:1:      wander_arrival_fairy_ring, layout_rooms, serial_rivers,
          chequers_serial_rivers_micro_c, chequers_serial_rivers_micro_b,
          chequers_serial_rivers_small_3, chequers_serial_rivers_marsh,
          corexii_item_surrounded_by_moat
D:2:      layout_basic, shapermc_ecumenical_altar_venn
D:3:      minmay_general_purpose_star, layout_loops_ring, serial_shops,
          nicolae_diamond_shop, corexii_corridor_pit, minmay_misc_feat_x,
          corexii_corridor_pit
D:4:      layout_loops_ring, temple_pool_b, uniq_sigmund
D:5:      layout_loops_corners, dk_xom_monty_hall, hex_medium
D:6:      layout_basic, hangedman_decor_diamond_cutter, minivault_19,
          minmay_misc_feat_cross, uniq_blork_the_orc
D:7:      layout_rooms, uniq_menkaure, uniq_prince_ribbit1,
          uniq_crazy_yiuf_cottage
D:8:      layout_loops_ring, dk_noncrumbling_4
D:9:      layout_loops_cross, ebering_ghost_xom
D:10:     layout_roguey [special_room_bee], orc_0_dummy, gammafunk_ghost_ooze,
          dk_noncrumbling_3, serial_bayou_pond_e, lemuel_another_geyser,
          uniq_harold
D:11:     layout_loops_ring, erik_lair_orcish_takeover, chequers_mini_garden,
          minmay_protected_statue
D:12:     layout_loops_ring, serial_shops, bzr_entry_water, fungi_pond_lemuel,
          nzn_sisyphean_effort, uniq_psyche
D:13:     layout_roguey, ximxim_vaults_locker_room, kennysheep_treasure_room
D:14:     layout_rooms, nicolae_ru_sacrificial_ziggurat, st_stairs_8
Temple:   roderic_octagonal_lattice_temple
Lair:1:   layout_chaotic_city, grunt_megastairs_4
Lair:2:   layout_hall_layers, portal_ice_cave_demonic_guard,
          minmay_lair_oklob_chamber, grunt_megastairs_2, uniq_urug
Lair:3:   layout_regular_city, minmay_swamp_entry_worms, spider_nest_entry_webs
Lair:4:   layout_gridlike, grunt_forest_large_clearings
Lair:5:   layout_concentric_octagons, minmay_slime_entry_oklob_enclosed,
          minmay_lair_drake_nest
Lair:6:   minmay_lair_end_frog_pond, layout_big_grid, cheibrodos_lair_lostbears,
          grunt_megastairs_3
Orc:1:    layout_caves, basic_altar, serial_shops, shop
Orc:2:    st_orc_mages, layout_diamond_mine, nicolae_orc_sculptors_studio,
          uniq_azrael

Skill      XL: |  1  2  3  4  5  6  7  8  9 10 11 12 13 14 15 16 |
---------------+-------------------------------------------------+-----
Fighting       | 3 4 6 7 8 9 11 | 11.4
Maces & Flails | 3 4 5 6 7 9 10 12 13 | 13.2
Throwing       | 3 4 5 7 8 9 11 13 15 16 17 | 17.2
Dodging        | 3 4 6 7 9 11 13 | 13.6
Evocations     | 2 5 7 |  7.0
Hexes          | 1 3 |  3.2
Translocations | 1 3 |  3.2

Action                   |  1- 3 |  4- 6 |  7- 9 | 10-12 | 13-15 | 16-18 || total
-------------------------+-------+-------+-------+-------+-------+-------++-------
Melee: Flail             |    27 |       |       |       |       |       ||    27
       Whip              |    46 |    92 |       |       |       |       ||   138
       Morningstar       |       |    71 |   264 |   682 |       |       ||  1017
       Demon whip        |       |       |       |   160 |  1669 |   127 ||  1956
Throw: Dart              |       |     4 |     3 |       |    49 |       ||    56
       Large rock        |       |       |       |    14 |    29 |    30 ||    73
       Stone             |       |       |       |       |    26 |       ||    26
Evoke: Wand              |       |       |       |     5 |    11 |       ||    16
  Use: Potion            |       |     3 |     3 |     3 |     4 |     1 ||    14
       Scroll            |       |       |     6 |    10 |    16 |     2 ||    34
 Stab: Sleeping          |       |       |     1 |       |     2 |       ||     3
       Distracted        |       |       |       |       |     2 |       ||     2
       Invisible         |       |       |       |       |     7 |       ||     7
Armor: Robe              |    19 |    46 |   102 |     9 |       |       ||   176
       Steam dragon scal |       |       |       |   233 |       |       ||   233
       Troll leather arm |       |       |       |   182 |   209 |    43 ||   434
       Acid dragon scale |       |       |       |    13 |    42 |       ||    55
Dodge: Dodged            |    45 |    63 |   150 |   695 |   716 |    50 ||  1719

Table legend: (Time is in decaauts)
 A = Elapsed time spent in this place.
 B = Non-inter-level travel time spent in this place.
 C = Inter-level travel time spent in this place.
 D = Time resting spent in this place.
 E = Time spent auto-exploring this place.
 F = Levels seen in this place.
 G = Mean time per level.
                   A        B        C        D        E       F      G
               +--------+--------+--------+--------+--------+-----+--------+
         Total |  33879 |  32307 |   1572 |   7644 |  18673 |  24 | 1411.6 |
       Dungeon |  21419 |  20530 |    889 |   5384 |  11939 |  14 | 1529.9 |
        Temple |    319 |    266 |     53 |      0 |    264 |   1 |  319.0 |
          Lair |   9685 |   9337 |    348 |   1996 |   5250 |   6 | 1614.2 |
  Orcish Mines |   2305 |   2024 |    281 |    263 |   1103 |   2 | 1152.5 |
        Bazaar |    149 |    149 |      0 |      0 |    117 |   1 |  149.0 |
               +--------+--------+--------+--------+--------+-----+--------+

Top non-repeatable levels by time:
     D:9: 3218 daAuts
  Lair:3: 2732 daAuts
    D:10: 2411 daAuts
     D:5: 2303 daAuts
  Lair:6: 2035 daAuts
     D:2: 1777 daAuts
     D:6: 1725 daAuts
   Orc:2: 1722 daAuts
     D:8: 1691 daAuts
  Lair:5: 1682 daAuts
     D:3: 1493 daAuts
     D:4: 1463 daAuts
     D:7: 1251 daAuts
    D:11: 1196 daAuts
  Lair:4: 1154 daAuts
